 Dungeon Crawl Stone Soup version 0.22-a0-417-g1387785 (webtiles) character file.

35 Amnesiac the Insei (level 3, -5/17 HPs)
             Began as a Spriggan Transmuter on May 14, 2018.
             Slain by a worm (11 damage)
             ... on level 2 of the Dungeon.
             The game lasted 00:04:49 (1139 turns).

Amnesiac the Insei (Spriggan Transmuter)            Turns: 1139, Time: 00:04:50

Health: -5/17      AC:  2    Str:  6    XL:     3   Next: 17%
Magic:  2/8        EV: 23    Int: 15    God:
Gold:   109        SH:  0    Dex: 21    Spells: 1/7 levels left

rFire    . . .     SeeInvis +     - Unarmed
rCold    . . .     Gourm    .   (shield currently unavailable)
rNeg     . . .     Faith    .   (armour currently unavailable)
rPois    x         Spirit   .   (helmet currently unavailable)
rElec    .         Reflect  .   (cloak currently unavailable)
rCorr    .         Harm     .   (gloves unavailable)
MR       .....                  (boots unavailable)
Stlth    ++........             (no amulet)
HPRegen  0.05/turn              i - +2 ring of evasion
MPRegen  0.11/turn              m - +1 ring of slaying

@: spider-form, very slightly contaminated
A: tiny, unfitting armour, see invisible, herbivore, slow metabolism 2
a: End Transformation


You were on level 2 of the Dungeon.
You were not hungry.
You were a venomous arachnid creature.
You visited 1 branch of the dungeon, and saw 2 of its levels.

You collected 109 gold pieces.

Inventory:

Missiles
 a - 32 arrows
Armour
 b - a +0 robe (melded)
Jewellery
 i - a +2 ring of evasion (left front leg)
 m - a +1 ring of slaying (right front leg)
Scrolls
 c - 5 scrolls of identify {!r}
 e - a scroll of magic mapping {!r, unknown}
 f - 2 scrolls of remove curse {!r, unknown}
 g - a scroll of teleportation {!r, unknown}
 l - a scroll of enchant armour {!r, unknown}
Potions
 h - 3 potions of heal wounds {!q, unknown}
 j - a potion of magic {!q, unknown}
 k - 2 potions of curing {!q}
Comestibles
 d - 3 rations


   Skills:
 - Level 0.7 Fighting
 - Level 3.0 Dodging
 + Level 3.5 Unarmed Combat
 - Level 2.6 Spellcasting
 - Level 2.6 Transmutations


You had one spell level left.
You knew the following spells:

 Your Spells              Type           Power        Failure   Level  Hunger
a - Beastly Appendage     Tmut           ##....       19%         1    #......
b - Sticks to Snakes      Tmut           ##......     26%         2    ##.....
c - Spider Form           Tmut/Pois      #.........   56%         3    ###....

Your spell library contained the following spells:

 Spells                   Type           Power        Failure   Level  Hunger
 Blade Hands              Tmut           ##........   96%         5    ######.
 Ice Form                 Ice/Tmut       #.......     89%         4    #####..


Dungeon Overview and Level Annotations

Branches:
Dungeon (2/15)

Altars:
Ashenzari
Makhleb
Nemelex Xobeh
Qazlal


Innate Abilities, Weirdness & Mutations

You are very small and have problems with some larger weapons.
You are too small for most types of armour.
You have supernaturally acute eyesight. (SInv)
You are a herbivore.
((You cover ground extremely quickly.))
You need to consume almost no food.


Message History

The giant cockroach is severely wounded.
The giant cockroach bites you but does no damage. x2
You hit the giant cockroach but do no damage.
You headbutt the giant cockroach, but do no damage.
You punch the giant cockroach, but do no damage.
The giant cockroach is severely wounded.
The giant cockroach barely misses you.
You barely miss the giant cockroach.
The giant cockroach is severely wounded.
The giant cockroach closely misses you.
You hit the giant cockroach but do no damage.
The giant cockroach is severely wounded.
The giant cockroach misses you.
You barely miss the giant cockroach.
The giant cockroach is severely wounded.
Your transformation is almost over.
The giant cockroach misses you.
You barely miss the giant cockroach.
The giant cockroach is severely wounded.
The giant cockroach completely misses you.
You hit the giant cockroach.
You kill the giant cockroach!
Found a diamond ring.
You see here a giant cockroach corpse.
m - a diamond ring
Found a burning altar of Makhleb.
c - 6 scrolls labeled WICWOUFFAMP {!r} (gained 3)
Your horns disappear.
Found a glowing short sword.
Found a shattered altar of Ashenzari.
Found a sparkling altar of Nemelex Xobeh.
A worm comes into view.
Found a stormy altar of Qazlal.
You aren't carrying any items that you can evoke.
Unknown command.
Really read
c - 6 scrolls labeled WICWOUFFAMP {!r}?
As you read the scroll labeled WICWOUFFAMP {!r}, it crumbles to dust.
It is a scroll of identify.
k - 2 potions of curing {!q} Put on which piece of jewellery? (? for menu, Esc to quit)
m - a +1 ring of slaying (right hand)
Okay, then.
Casting: Beastly Appendage (safe; 7% risk of failure)
Confirm with . or Enter, or press ? or * to list all spells.
You miscast Spider Form.
You are very lightly contaminated with residual magic.
Waves of light ripple over your body.
Casting: Spider Form (safe; 34% risk of failure)
Confirm with . or Enter, or press ? or * to list all spells.
You turn into a venomous arachnid creature.
You hit the worm.
The worm is poisoned.
The worm is lightly wounded.
You hit the worm.
The worm is moderately wounded.
The worm bites you!
Ouch! That really hurt!
* * * LOW HITPOINT WARNING * * *
You hit the worm.
The worm looks even sicker.
The worm is moderately wounded.
You hit the worm.
The worm is heavily wounded.
The worm bites you!
Ouch! That really hurt!
You die...

##########.....#
#.._#_..##.....#
##...#...##.>...#
#....#....#.....#
#..#####........#
#.## #.........#
#.# ####......##
#.#########.....†.
#sw............(..
########.#####.##.
#.# #.##. #.#
#.##. #w# #.##.
#.. #...# ###
#...# .... # $.


You could see a worm.

Vanquished Creatures
  An adder (D:2)
  2 dart slugs (D:1)
  A leopard gecko (D:1)
  4 giant cockroaches
  A goblin (D:1)
  2 hobgoblins (D:1)
  A kobold (D:2)
  3 bats
  A frilled lizard (D:2)
  3 rats
19 creatures vanquished.

Vanquished Creatures (collateral kills)
  A worm (D:2)
1 creature vanquished.

Grand Total: 20 creatures vanquished

Notes
Turn   | Place    | Note
-------+----------+-------------------------------------------
     0 | D:1      | Amnesiac the Spriggan Transmuter began the quest for the Orb.
     0 | D:1      | Reached XP level 1. HP: 9/9 MP: 5/5
   141 | D:1      | Reached XP level 2. HP: 14/14 MP: 6/6
   145 | D:1      | Learned a level 2 spell: Sticks to Snakes
   635 | D:2      | Reached XP level 3. HP: 3/17 MP: 1/8
   700 | D:2      | Learned a level 3 spell: Spider Form
  1068 | D:2      | Found a burning altar of Makhleb.
  1084 | D:2      | Found a shattered altar of Ashenzari.
  1092 | D:2      | Found a sparkling altar of Nemelex Xobeh.
  1120 | D:2      | Found a stormy altar of Qazlal.
  1139 | D:2      | Slain by a worm

Vault maps used:
D:1:      giann_bridges
D:2:      nicolae_overflow_quartered_altars, uniq_terence

Skill      XL: |  1  2 |
---------------+-------+-----
Unarmed Combat | 3 |  3.5
Fighting       | |  0.7
Dodging        | |  3.0
Spellcasting   | |  2.6
Transmutations | |  2.6

Action                   || total
-------------------------++-------
Melee: Unarmed           ||    68
       Headbutt          ||     6
       Kick              ||     9
       Punch             ||     4
 Cast: Beastly Appendage ||    15
       Sticks to Snakes  ||     2
       Spider Form       ||     1
  Use: Scroll            ||     1
 Stab: Sleeping          ||     1
Armor: Robe              ||     9
Dodge: Dodged            ||    42

Table legend:
 A = Spawn XP
 B = Non-spawn XP
 C = Spawn XP percentage of total XP
 D = Spawn monster count
 E = Non-spawn monster count
 F = Spawn count percentage of total count
 G = Total turns spent on level
                    A         B        C        D         E        F      G
               +---------+---------+-------+---------+---------+-------+---------
         Total |       0 |      51 |   0.0 |       0 |      20 |   0.0 |  1139
               +---------+---------+-------+---------+---------+-------+---------
           D:1 |       0 |      25 |   0.0 |       0 |      12 |   0.0 |   586
           D:2 |       0 |      26 |   0.0 |       0 |       8 |   0.0 |   553
               +---------+---------+-------+---------+---------+-------+---------
